 Dungeon Crawl Stone Soup version 0.27-a0-1090-gb115f176c6 (webtiles) character file.

Game seed: 15603040251626179519

114 kae the Gusty (level 4, -2/37 HPs)
             Began as a Tengu Air Elementalist on Apr 27, 2021.
             Slain by a phantom (4 damage)
             ... on level 3 of the Dungeon.
             The game lasted 00:02:32 (3262 turns).

kae the Gusty (Tengu Air Elementalist)              Turns: 3262, Time: 00:02:33

Health: -2/37      AC:  5    Str:  8    XL:     4   Next: 97%
Magic:  0/8        EV: 12    Int: 17    God:
Gold:   60         SH:  0    Dex: 14    Spells: 2/8 levels left

rFire    . . .     SeeInvis .   (no weapon)
rCold    . . .     Faith    .   (no shield)
rNeg     . . .     Spirit   .   a - +0 robe
rPois    .         Reflect  .   (helmet restricted)
rElec    .         Harm     .   f - +2 cloak
rCorr    .         Rampage  .   (no gloves)
Will     .....                  (boots unavailable)
Stlth    ..........             (no amulet)
HPRegen  0.12/turn              k - ring of wizardry
MPRegen  0.11/turn              (no ring)

@: berserking, very quick
A: beak, talons 3
a: no special abilities


You were on level 3 of the Dungeon.
You visited 1 branch of the dungeon, and saw 3 of its levels.

You collected 60 gold pieces.

Inventory:

Armour
 a - a +0 robe (worn)
 c - a +2 pair of boots
 f - a +2 cloak (worn)
Jewellery
 k - a ring of wizardry (left hand)
Wands
 g - a wand of acid (7)
Scrolls
 i - a scroll of identify {unknown}
 l - a scroll of holy word {unknown}
Potions
 d - 2 potions of might {unknown}
 e - a potion of degeneration {unknown}
 h - a potion of mutation {unknown}
 j - a potion of heal wounds {unknown}


   Skills:
 + Level 1.5 Fighting
 - Level 2.1 Dodging
 - Level 2.0 Stealth
 + Level 2.5 Spellcasting
 * Level 3.5 Conjurations
 * Level 5.3 Air Magic


You had 2 spell levels left.
You knew the following spells:

 Your Spells              Type           Power      Damage    Failure   Level
a - Shock                 Conj/Air       68%        1d7       1%          1
b - Static Discharge      Conj/Air       17%        N/A       1%          2
c - Swiftness             Air            20%        N/A       2%          3

Your spell library contained the following spells:

 Spells                   Type           Power      Damage    Failure   Level
 Passwall                 Tmut/Erth      1%         N/A       12%         2
 Airstrike                Air            10%        N/A       9%          4
 Spider Form              Tmut/Pois      1%         N/A       22%         3
 Lightning Bolt           Conj/Air       8%         1d21      32%         5
 Animate Armour           Summ/Erth      4%         N/A       56%         4
 Malign Gateway           Summ/Tloc      1%         N/A       100%        7


Dungeon Overview and Level Annotations

Branches:
Dungeon (3/15)

Altars:


Innate Abilities, Weirdness & Mutations

You have a beak for a mouth.
You have claws for feet.


Message History

Confirm with . or Enter, or press ? or * to list all spells.
Aiming: Shock (safe; 1% risk of failure)
Press: ? - help, Shift-Dir - straight line, f/p - phantom
Aim: a phantom (severely damaged, 60% to hit)
The zap misses the phantom.
The phantom barely misses you.
Casting: Shock (safe; 1% risk of failure)
Confirm with . or Enter, or press ? or * to list all spells.
You don't have enough magic to cast this spell.
You are too injured to fight recklessly!
You are too injured to fight recklessly!
Casting: Shock (safe; 1% risk of failure)
Confirm with . or Enter, or press ? or * to list all spells.
You don't have enough magic to cast this spell.
You are too injured to fight recklessly!
You are too injured to fight recklessly!
Casting: Shock (safe; 1% risk of failure)
Confirm with . or Enter, or press ? or * to list all spells.
You don't have enough magic to cast this spell.
The phantom hits you.
You barely miss the phantom.
The phantom is severely damaged.
The phantom closely misses you.
You closely miss the phantom.
The phantom is severely damaged.
The phantom hits you.
* * * LOW HITPOINT WARNING * * *
The phantom blinks!
You blink.
The phantom closely misses you.
You miss the phantom.
The phantom is severely damaged.
The phantom completely misses you.
You closely miss the phantom.
The phantom is severely damaged.
The phantom hits you.
* * * LOW HITPOINT WARNING * * *
The phantom blinks!
You blink.
It was a potion of berserk rage.
A red film seems to cover your vision as you go berserk!
You feel yourself moving faster!
You feel mighty! The phantom hits you.
You die...

.....####......# ### .. #.###...
............##... #.##...##.#
.....###....##..#### #..........
.....# ##....#.....###.......†...
####.# #...........##...........
####.####............#...........
.................................
.........#...........#...........
.........#......@................
.........#.#...W.................
.......................<.....#..#
##########.)...§......#..#.......
#.....#......§?............. .
#..........................###
#........[........#.......##..
#.......##.............#...#..
#.....#.........##..#.........


You could see a phantom.

Vanquished Creatures
  A gnoll (D:1)
  3 adders
  A worm (D:3)
  A dart slug (D:2)
  10 ball pythons
  10 endoplasms
  A giant cockroach (D:3)
  5 goblins
  2 hobgoblins (D:1)
  3 jackals (D:2)
  11 kobolds
  2 quokkas
  10 bats
  6 frilled lizards
  3 rats
69 creatures vanquished.

Vanquished Creatures (others)
  3 plants (D:2)
3 creatures vanquished.

Grand Total: 72 creatures vanquished

Notes
Turn   | Place    | Note
-------+----------+-------------------------------------------
     0 | D:1      | kae the Tengu Air Elementalist began the quest for the Orb.
     0 | D:1      | Reached XP level 1. HP: 10/10 MP: 4/4
   329 | D:1      | Reached XP level 2. HP: 16/16 MP: 1/6
   426 | D:1      | Learned a level 2 spell: Static Discharge
   851 | D:1      | Reached XP level 3. HP: 20/20 MP: 4/7
   995 | D:1      | Learned a level 3 spell: Swiftness
  1128 | D:1      | Found a faded altar of an unknown god.
  1328 | D:1      | Reached skill level 1 in Fighting
  1774 | D:2      | Reached XP level 4. HP: 25/25 MP: 1/8
  2006 | D:2      | Identified the Almanac of Creative Transformation
  2220 | D:2      | Reached skill level 5 in Air Magic
  3244 | D:3      | Noticed a phantom
  3261 | D:3      | HP: 1/25 [phantom (6)]
  3262 | D:3      | Slain by a phantom

Illustrated notes

Levels and vault maps discovered:
D:1:      minmay_arrival_stone_box, layout_loops_cross,
          chequers_ecumenical_altar_grove, minmay_ruptured
D:2:      layout_basic, serial_bayou_lagoon_a, minmay_distorted
D:3:      layout_rooms, minmay_statues_item

Skill      XL: |  1  2  3  4 |
---------------+-------------+-----
Conjurations   | 2 3 |  3.5
Fighting       | 1 |  1.5
Air Magic      | 5 |  5.3
Dodging        | |  2.1
Stealth        | |  2.0
Spellcasting   | |  2.5

Action                   |  1- 3 |  4- 6 || total
-------------------------+-------+-------++-------
Melee: Unarmed           |     6 |    12 ||    18
       Peck              |     3 |       ||     3
       Kick              |     1 |     2 ||     3
 Cast: Shock             |    76 |    81 ||   157
  Use: Scroll            |     2 |     3 ||     5
       Potion            |       |     1 ||     1
Armor: Robe              |     3 |     5 ||     8
Dodge: Dodged            |     9 |    19 ||    28

Table legend: (Time is in decaauts)
 A = Elapsed time spent in this place.
 B = Non-inter-level travel time spent in this place.
 C = Inter-level travel time spent in this place.
 D = Time resting spent in this place.
 E = Time spent auto-exploring this place.
 F = Levels seen in this place.
 G = Mean time per level.
                   A        B        C        D        E       F      G
               +--------+--------+--------+--------+--------+-----+--------+
         Total |   3268 |   3213 |     55 |    344 |   2505 |   3 | 1089.3 |
       Dungeon |   3268 |   3213 |     55 |    344 |   2505 |   3 | 1089.3 |
               +--------+--------+--------+--------+--------+-----+--------+

Top non-repeatable levels by time:
     D:1: 1758 daAuts
     D:2: 999 daAuts
     D:3: 510 daAuts
